 Dungeon Crawl Stone Soup version 0.22.1-2-g9c5b331383 (webtiles) character file.

1226 Morrissey the Cleaver (level 8, 0/70 HPs)
             Began as a Minotaur Gladiator on Nov 15, 2018.
             Was a Follower of Okawaru.
             Slain by a crocodile (15 damage)
             ... on level 5 of the Dungeon.
             The game lasted 00:05:48 (4386 turns).

Morrissey the Cleaver (Minotaur Gladiator)          Turns: 4386, Time: 00:05:48

Health: 0/70       AC:  7    Str: 21    XL:     8   Next: 23%
Magic:  7/7        EV: 14    Int:  5    God:    Okawaru [*.....]
Gold:   353        SH:  0    Dex: 15    Spells: 7/7 levels left

rFire    . . .     SeeInvis .   a - +0 war axe
rCold    . . .     Gourm    .   (no shield)
rNeg     . . .     Faith    .   s - +0 ring mail
rPois    .         Spirit   .   c - +0 hat
rElec    .         Reflect  .   (no cloak)
rCorr    +         Harm     .   (no gloves)
MR       .....                  v - +0 pair of boots
Stlth    +.........             (no amulet)
HPRegen  0.21/turn              D - ring of resist corrosion
MPRegen  0.10/turn              x - +3 ring of strength

@: no status effects
A: retaliatory headbutt, horns 2
a: Heroism, Renounce Religion


You were on level 5 of the Dungeon.
You worshipped Okawaru.
Okawaru was aware of your devotion.
You were not hungry.

You visited 2 branches of the dungeon, and saw 6 of its levels.

You collected 353 gold pieces.

Inventory:

Hand Weapons
 a - a +0 war axe (weapon)
Missiles
 d - a throwing net (quivered)
Armour
 c - a +0 hat (worn)
 s - a +0 ring mail (worn)
 v - a +0 pair of boots (worn)
Jewellery
 r - a +3 ring of dexterity
 x - a +3 ring of strength (right hand)
 y - a +2 ring of dexterity
 A - an uncursed amulet of magic regeneration {unknown}
 D - a ring of resist corrosion (left hand)
 E - an uncursed amulet of magic regeneration {unknown}
Wands
 w - a wand of polymorph (8)
 C - a wand of flame (12)
Scrolls
 b - 2 scrolls of enchant weapon {unknown}
 e - 5 scrolls of identify {unknown}
 j - 3 scrolls of teleportation {unknown}
 k - 5 scrolls of magic mapping {unknown}
 l - 2 scrolls of amnesia {unknown}
 o - 5 scrolls of remove curse {unknown}
Potions
 g - 2 potions of curing
 h - a potion of brilliance {unknown}
 i - a potion of flight {unknown}
 m - 2 potions of lignification {unknown}
 n - 2 potions of invisibility {unknown}
 p - a potion of agility {unknown}
 q - 2 potions of mutation {unknown}
 u - 2 potions of berserk rage {unknown}
 z - a potion of degeneration {unknown}
 B - a potion of heal wounds {unknown}
Comestibles
 f - 8 rations
 t - 7 chunks of flesh


   Skills:
 + Level 5.7 Fighting
 * Level 8.4 Axes
 - Level 2.0 Throwing
 + Level 5.0 Armour
 + Level 5.8 Dodging


You had 7 spell levels left.
You didn't know any spells.
Your spell library was empty.

Dungeon Overview and Level Annotations

Branches:
Dungeon (5/15)             Temple (1/1) D:4

Altars:
Ashenzari
Cheibriados
Dithmenos
Elyvilon
Fedhas
Gozag
Hepliaklqana
Kikubaaqudgha
Makhleb
Nemelex Xobeh
Okawaru
Qazlal
Ru
Sif Muna
Trog
Uskayaw
Vehumet
Wu Jian
Xom
Yredelemnul
Zin
The Shining One


Innate Abilities, Weirdness & Mutations

You reflexively headbutt those who attack you in melee.
You have a pair of horns on your head.


Message History

The crocodile is caught in the net!
The crocodile is lightly wounded.
You hit the crocodile but do no damage.
You headbutt the crocodile, but do no damage.
The crocodile is lightly wounded.
The crocodile struggles against the net. x2
You hit the crocodile but do no damage.
The crocodile is lightly wounded.
The crocodile struggles against the net.
You barely miss the crocodile.
The crocodile is lightly wounded.
The crocodile struggles against the net.
You hit the crocodile but do no damage. You headbutt the crocodile.
The crocodile is lightly wounded.
The crocodile struggles against the net.
The net rips apart, and the crocodile comes free!
You slice the crocodile!!
The crocodile is severely wounded.
The crocodile bites you!
You die...

$#
....#####
#...t.#
#@# #.#
##### #.#
..... #.#
#### .#
#.# .....
..# #.#
##### #.#
#.# #.#
#.# #..#
#.# #.#


You could see a crocodile.

Vanquished Creatures
  A hippogriff (D:5)
  A water moccasin (D:5)
  A centaur (D:5)
  A scorpion (D:5)
  A vampire bat (D:3)
  A crimson imp (D:5)
  A quasit (D:5)
  5 orc priests
  A centaur skeleton (D:5)
  7 orc wizards
  6 worker ants
  A worker ant zombie (D:5)
  8 adders
  2 adder skeletons (D:4)
  2 worms
  A dart slug (D:1)
  4 leopard geckos
  25 orcs
  A ball python (D:3)
  9 bats
  4 giant cockroaches
  12 goblins
  4 hobgoblins
  6 jackals
  2 quokkas
  6 frilled lizards
  8 kobolds
  8 rats
129 creatures vanquished.

Notes
Turn   | Place    | Note
-------+----------+-------------------------------------------
     0 | D:1      | Morrissey the Minotaur Gladiator began the quest for the
                  | Orb.
     0 | D:1      | Reached XP level 1. HP: 18/18 MP: 0/0
   106 | D:1      | Reached XP level 2. HP: 23/25 MP: 1/1
   110 | D:1      | Reached skill level 4 in Axes
   292 | D:1      | Reached skill level 1 in Armour
   407 | D:1      | Reached XP level 3. HP: 27/30 MP: 2/2
  1771 | D:3      | Reached XP level 4. HP: 38/38 MP: 3/3
  1787 | D:3      | Reached skill level 5 in Axes
  1894 | D:3      | Reached XP level 5. HP: 40/45 MP: 4/4
  2370 | D:3      | Found a faded altar of an unknown god.
  2677 | D:4      | Reached XP level 6. HP: 48/52 MP: 5/5
  2728 | D:4      | Reached skill level 6 in Axes
  3050 | D:4      | Found a staircase to the Ecumenical Temple.
  3068 | Temple   | Entered the Ecumenical Temple
  3302 | Temple   | Became a worshipper of Warmaster Okawaru
  3582 | D:5      | Entered Level 5 of the Dungeon
  3606 | D:5      | Found a radiant altar of Vehumet.
  3611 | D:5      | Reached XP level 7. HP: 54/60 MP: 6/6
  3615 | D:5      | Reached skill level 5 in Dodging
  3620 | D:5      | Reached skill level 7 in Axes
  3662 | D:5      | Reached * piety under Okawaru
  3904 | D:5      | Reached skill level 5 in Fighting
  4086 | D:5      | Noticed a hippogriff
  4097 | D:5      | Killed a hippogriff
  4097 | D:5      | Reached skill level 8 in Axes
  4097 | D:5      | Reached XP level 8. HP: 33/69 MP: 7/7
  4376 | D:5      | Reached skill level 5 in Armour
  4386 | D:5      | Slain by a crocodile

Skill      XL: |  1  2  3  4  5  6  7  8 |
---------------+-------------------------+-----
Axes           | 4 5 6 8 |  8.4
Armour         | 1 2 3 4 5 |  5.0
Fighting       | 3 4 5 |  5.7
Dodging        | 4 5 |  5.8
Throwing       | |  2.0

Action                   |  1- 3 |  4- 6 |  7- 9 || total
-------------------------+-------+-------+-------++-------
Melee: War axe           |    86 |   112 |    75 ||   273
       Headbutt          |    20 |    19 |    19 ||    58
Throw: Throwing net      |       |       |     2 ||     2
  Use: Potion            |       |     2 |       ||     2
  Eat: Chunk             |     3 |     6 |     2 ||    11
Armor: Leather armour    |    25 |       |       ||    25
       Ring mail         |     2 |    44 |    24 ||    70
Dodge: Dodged            |    66 |    87 |    85 ||   238
